 Dungeon Crawl Stone Soup version 0.31-a0-968-g24f9ace8b5 (webtiles) character file.

Game seed: 2342234425087199136

79 Maxmaps the Changeling (level 4, 0/28 HPs)
             Began as an Octopode Shapeshifter on Oct 28, 2023.
             Slain by Robin
             ... wielding a +2 whip of electrocution
              (14 damage)
             ... on level 2 of the Dungeon.
             The game lasted 00:02:02 (1652 turns).

Maxmaps the Changeling (Octopode Shapeshifter)      Turns: 1652, Time: 00:02:03

Health: 0/28       AC:  1    Str: 13    XL:     4   Next: 38%
Magic:  4/4        EV: 13    Int: 14    God:
Gold:   47         SH:  0    Dex: 11    Spells: 3/3 levels left

rFire   . .          .
                       - Unarmed
rCold   . . .        (no shield)
rNeg    . . .        (helmet currently unavailable)
rPois   .            (no amulet)
rElec   .            (no ring)
rCorr   .            (no ring)
SInv    .            (no ring)
Will    .....        (no ring)
Stlth   ++           (no ring)
HPRegen 0.24/turn    (no ring)
MPRegen 0.09/turn    (no ring)
                     (no ring)

%: no passive effects
@: beast-form
A: beast (slay +2), almost no armour, amphibious, 8 rings, camouflage 1,
gelatinous body 1, (nimble swimmer 1), tentacles
a: Begin Untransformation


You were on level 2 of the Dungeon.
You were a hulking beast.
You visited 1 branch of the dungeon, and saw 3 of its levels.

You collected 155 gold pieces.
You spent 108 gold pieces at shops.

Inventory:

Talismans
 b - a beast talisman
 c - a flux talisman
Scrolls
 i - a scroll of fear
Potions
 a - a potion of lignification
 e - 3 potions of heal wounds
 f - a potion of mutation {unknown}
 h - a potion of curing {unknown}


   Skills:
 - Level 1.0 Fighting
 - Level 2.0 Dodging
 - Level 3.0 Unarmed Combat
 + Level 4.8 Shapeshifting


You had 3 spell levels left.
You didn't know any spells.
Your spell library contained the following spells:

 Spells                   Type           Power      Damage    Failure   Level
 Magic Dart               Conj           0%         1d3       28%         1
 Searing Ray              Conj           0%         2d4       41%         2
 Fulminant Prism          Conj/Hex       0%         3d5       96%         4


Dungeon Overview and Level Annotations

Branches:
Dungeon (3/15)

Altars:

Shops:
D:1 (   D:2 *

Annotations:
D:2 Robin


Innate Abilities, Weirdness & Mutations

You are a hulking beast.
Your limbs bulge with bestial killing power. (Slay +2)
You cannot wear most types of armour.
You are amphibious.
You can wear up to eight rings at the same time.
Your skin changes colour to match your surroundings (Stealth+).
Your rubbery body absorbs attacks. (AC +1, EV +1)
((You are camouflaged when in or above water. (Stealth+)))
You have tentacles for arms and can constrict up to eight enemies at once.


Message History

You climb downwards.
Level annotation: Robin The goblin shouts!
The goblin hits you with a +0 club. Robin throws the goblin at you!
The goblin hits you with a +0 dagger. The goblin barely misses you.
There is a stone staircase leading up, spattered with blood here.
Unknown command.
The goblin hits you with a +0 dagger.
You climb upwards.
There is a stone staircase leading down here.
You bludgeon the goblin!
You kill the goblin!
The goblin barely misses you.
You tentacle-slap the goblin. You grab the goblin.
The goblin is severely wounded.
You constrict the goblin.
You kill the goblin!
No target in view!
You start resting.
HP restored.
You climb downwards.
Level annotation: Robin
There is a stone staircase leading up, spattered with blood here.
You tentacle-slap the goblin.
You kill the goblin!
You barely miss the hobgoblin. Your grab misses the hobgoblin.
The hobgoblin hits you.
You bludgeon the hobgoblin!
You kill the hobgoblin!
Robin hits you with a +2 whip of electrocution!
You climb upwards.
There is a stone staircase leading down here.
You tentacle-slap Robin. You grab Robin.
Robin is moderately wounded.
You constrict Robin.
Robin hits you with a +2 whip of electrocution.
You are electrocuted!
Ouch! That really hurt!
You die...
Robin says, "And that's why I'm the boss."

#.....###########..# #.#
#.....# #..# #.# ###.### #..#
#.# #.# #..# #.# #.# #..# #.#
##.# #######..###.# #..#
#...........รท#
#.########.#####...<.).
#######....)hg..........##...
#........#####..........##.##
#.#####).#####.#.####..###.#
#.##.....#...#.#.#.....# #.#
#.##.##.<.............## #.#
#.##.#...........#.##.# #.#
#.##.............#.##.## #.#
#.##..........#....#...###.##
#...........#.#..#.)...##....


You could see Robin.

Vanquished Creatures
  2 adders (D:2)
  A worm (D:2)
  A dart slug (D:2)
  5 ball pythons
  4 endoplasms (D:2)
  2 giant cockroaches (D:1)
  15 goblins
  3 hobgoblins
  2 quokkas
  6 bats
  2 frilled lizards
  2 kobolds (D:2)
  9 rats
54 creatures vanquished.

Notes
Turn   | Place    | Note
-------+----------+-------------------------------------------
     0 | D:1      | Maxmaps the Octopode Shapeshifter began the quest for the
                  | Orb.
     0 | D:1      | Reached XP level 1. HP: 13/13 MP: 1/1
    36 | D:1      | Found Jisucil's Antique Weapon Boutique.
    63 | D:1      | Reached XP level 2. HP: 14/18 MP: 2/2
   485 | D:2      | Reached XP level 3. HP: 18/23 MP: 3/3
   523 | D:2      | Reached skill level 4 in Shapeshifting
   979 | D:2      | Found Zops's General Store.
   984 | D:2      | Bought a potion of heal wounds for 60 gold pieces
   984 | D:2      | Bought a scroll of fear for 48 gold pieces
  1095 | D:2      | Reached XP level 4. HP: 28/28 MP: 4/4
  1451 | D:3      | Noticed Robin
  1652 | D:2      | Slain by Robin

Illustrated notes

Levels and vault maps discovered:
D:1:      saegor_arrival_under_anarchy, layout_rooms, serial_shops,
          nicolae_shop_crystal, minmay_heptomino_l4
D:2:      layout_loops_ring, serial_shops, shop, dk_noncrumbling_3,
          minmay_strange_pillars, kennysheep_generic_room_3
D:3:      layout_basic, hellmonk_ecumenical_altar_prayer_group, uniq_robin,
          uniq_ijyb

Skill      XL: |  1  2  3 |
---------------+----------+-----
Shapeshifting  | 4 |  4.8
Fighting       | |  1.0
Dodging        | |  2.0
Unarmed Combat | |  3.0

Action                     |  1- 3 |  4- 6 || total
---------------------------+-------+-------++-------
  Melee: Unarmed           |    70 |    23 ||    93
         Constrict         |    18 |     5 ||    23
         Tentacles         |    13 |     2 ||    15
         Punch             |     1 |       ||     1
    Use: Scroll            |       |     2 ||     2
   Stab: Sleeping          |     8 |       ||     8
 Armour: Skin              |    33 |    23 ||    56
  Dodge: Dodged            |    28 |    13 ||    41

Table legend: (Time is in decaauts)
 A = Elapsed time spent in this place.
 B = Non-inter-level travel time spent in this place.
 C = Inter-level travel time spent in this place.
 D = Time resting spent in this place.
 E = Time spent auto-exploring this place.
 F = Levels seen in this place.
 G = Mean time per level.
                   A        B        C        D        E       F      G
               +--------+--------+--------+--------+--------+-----+--------+
         Total |   1651 |   1613 |     38 |    288 |   1028 |   3 |  550.3 |
       Dungeon |   1651 |   1613 |     38 |    288 |   1028 |   3 |  550.3 |
               +--------+--------+--------+--------+--------+-----+--------+

Top non-repeatable levels by time:
     D:2: 1024 daAuts
     D:1: 477 daAuts
     D:3: 149 daAuts
